 Dungeon Crawl Stone Soup version 0.25.1-2-g60ff931df9 (webtiles) character file.

Game seed: 12269599818897977886

95 DerDa the Stinger (level 4, -1/36 HPs)
             Began as a Naga Venom Mage on Oct 10, 2020.
             Slain by a gnoll
             ... wielding a +0 flail
              (5 damage)
             ... on level 2 of the Dungeon.
             The game lasted 00:05:27 (1662 turns).

DerDa the Stinger (Naga Venom Mage)                 Turns: 1662, Time: 00:05:27

Health: -1/36      AC:  3    Str: 10    XL:     4   Next: 65%
Magic:  0/8        EV: 10    Int: 17    God:
Gold:   88         SH:  0    Dex: 11    Spells: 2/8 levels left

rFire    . . .     SeeInvis +   d - +0 dagger
rCold    . . .     Gourm    .   (no shield)
rNeg     . . .     Faith    .   a - +0 robe
rPois    +         Spirit   .   s - +0 helmet
rElec    .         Reflect  .   q - scarf {repulsion}
rCorr    .         Harm     .   (no gloves)
MR       +....                  (no barding)
Stlth    +.........             (no amulet)
HPRegen  0.12/turn              j - ring of attention (curse)
MPRegen  0.11/turn              r - ring of protection from magic

@: mighty, repel missiles, very slow
A: large, see invisible, deformed body, poison resistance, slowness 2, slow
metabolism 1, spit poison 1, AC +1
a: Spit Poison


You were on level 2 of the Dungeon.
You were not hungry.

You visited 1 branch of the dungeon, and saw 2 of its levels.

You collected 88 gold pieces.

Inventory:

Hand Weapons
 b - a +0 dagger
 d - a +0 dagger (weapon)
Missiles
 e - 50 stones (quivered)
 m - 13 poisoned darts
Armour
 a - a +0 robe (worn)
 q - a scarf of repulsion (worn)
 s - a +0 helmet (worn)
Jewellery
 j - a cursed ring of attention (left hand)
 r - a ring of protection from magic (right hand)
Scrolls
 g - 3 scrolls of identify {unknown}
 i - 3 scrolls of teleportation {unknown}
 k - a scroll of magic mapping {unknown}
 n - a scroll of remove curse {unknown}
 o - a scroll of immolation {unknown}
 p - 2 scrolls of fear {unknown}
Potions
 l - a potion of invisibility {unknown}
 t - a potion of resistance {unknown}
 u - a potion of ambrosia {unknown}
 v - a potion of mutation {unknown}
Comestibles
 c - 5 rations
 w - a chunk of flesh


   Skills:
 + Level 2.0 Dodging
 - Level 3.0 Stealth
 * Level 2.8 Spellcasting
 + Level 1.8 Transmutations
 + Level 1.2 Air Magic
 * Level 5.0 Poison Magic


You had 2 spell levels left.
You knew the following spells:

 Your Spells              Type           Power        Failure   Level  Hunger
a - Sting                 Tmut/Pois      ##..         4%          1    #......
h - Mephitic Cloud        Conj/Pois/Air  #.......     22%         3    ###....
u - Poisonous Vapours     Pois/Air       ##....       8%          2    ##.....

Your spell library contained the following spells:

 Spells                   Type           Power        Failure   Level  Hunger
 Ignite Poison            Fire/Tmut/Pois ##......     21%         3    ###....
 Olgreb's Toxic Radiance  Pois           ###.....     22%         4    #####..


Dungeon Overview and Level Annotations

Branches:
Dungeon (2/15)

Altars:
Nemelex Xobeh


Innate Abilities, Weirdness & Mutations

You cannot wear boots.
Your serpentine skin is tough. (AC +1)
You have supernaturally acute eyesight. (SInv)
Armour fits poorly on your strangely shaped body.
Your system is resistant to poisons. (rPois)
You cover ground very slowly.
You have a slow metabolism.
You can spit poison.


Message History

You hit the gnoll.
The gnoll is moderately wounded.
The gnoll hits you with a +0 flail!
* * * LOW HITPOINT WARNING * * *
You feel better. The gnoll hits you with a +0 flail!
* * * LOW HITPOINT WARNING * * *
Things that are here:
a +0 spear; a gnoll corpse You have got your breath back.
Casting: Sting (safe; 4% risk of failure)
Confirm with . or Enter, or press ? or * to list all spells.
Aiming: Sting (safe; 4% risk of failure)
Press: ? - help, Shift-Dir - straight line, f - gnoll
Aim: a gnoll, wielding a +0 flail (moderately wounded)
The sting hits the gnoll.
The gnoll is poisoned.
The gnoll is heavily wounded.
The gnoll closely misses you. The gnoll hits you with a +0 flail.
You die...

#######.###
##... ##.. #.#
#..# ##... #.#
#..# .... #.#
#..# ... #.#
#... .. #g#
##.# #. #.# #..
#.###########.#
###
#..)†..)g@....#
###############
# # ###


You could see a gnoll (poisoned).

Vanquished Creatures
  Jessica (D:2)
  3 gnolls (D:2)
  2 adders (D:2)
  A dart slug (D:1)
  3 bats
  2 giant cockroaches
  4 goblins (D:1)
  2 hobgoblins (D:2)
  3 frilled lizards
  A kobold (D:1)
  3 rats
25 creatures vanquished.

Notes
Turn   | Place    | Note
-------+----------+-------------------------------------------
     0 | D:1      | DerDa the Naga Venom Mage began the quest for the Orb.
     0 | D:1      | Reached XP level 1. HP: 15/15 MP: 3/3
   398 | D:1      | Reached XP level 2. HP: 18/22 MP: 3/5
   402 | D:1      | Learned a level 2 spell: Poisonous Vapours
  1114 | D:2      | Noticed Jessica
  1124 | D:2      | Killed Jessica
  1124 | D:2      | Reached XP level 3. HP: 16/28 MP: 1/6
  1270 | D:2      | Learned a level 3 spell: Mephitic Cloud
  1335 | D:2      | Found a sparkling altar of Nemelex Xobeh.
  1499 | D:2      | Reached skill level 1 in Air Magic
  1617 | D:2      | Reached XP level 4. HP: 36/36 MP: 2/7
  1645 | D:2      | Reached skill level 5 in Poison Magic
  1662 | D:2      | Slain by a gnoll

Illustrated notes

Levels and vault maps discovered:
D:1:      scummos_arrival_gate, layout_loops_cross, minmay_stone_trees_small
D:2:      minmay_roachtagon, layout_loops_ring, marbit_many_paths, first_ration,
          uniq_jessica

Skill      XL: |  1  2  3  4 |
---------------+-------------+-----
Air Magic      | 1 |  1.2
Dodging        | 2 |  2.0
Poison Magic   | 5 |  5.0
Stealth        | |  3.0
Spellcasting   | |  2.8
Transmutations | |  1.8

Action                   |  1- 3 |  4- 6 || total
-------------------------+-------+-------++-------
Melee: Dagger            |     1 |     6 ||     7
 Cast: Sting             |    30 |     5 ||    35
       Poisonous Vapours |     6 |     1 ||     7
 Abil: Spit Poison       |     1 |     4 ||     5
  Use: Potion            |       |     3 ||     3
  Eat: Chunk             |     2 |       ||     2
Armor: Robe              |     3 |     1 ||     4
Dodge: Dodged            |     7 |    10 ||    17
